 Dungeon Crawl Stone Soup version 0.31-a0-746-ge8284cb111 (webtiles) character file.

Game seed: 5685514085825731475

94 GordonOverkill the Sneak (level 4, -2/28 HPs)
             Began as a Deep Elf Delver on Sept 14, 2023.
             Slain by a scorpion (4 damage)
             ... on level 5 of the Dungeon.
             The game lasted 00:00:53 (131 turns).

GordonOverkill the Sneak (Deep Elf Delver)           Turns: 131, Time: 00:00:54

Health: -2/28      AC:  3    Str:  9    XL:     4   Next: 38%
Magic:  6/6        EV: 12    Int: 17    God:
Gold:   9          SH:  0    Dex: 16    Spells: 3/3 levels left

rFire   . . .        h - +2 dire flail (holy)
rCold   . . .        (shield currently unavailable)
rNeg    . . .        b - +0 leather armour
rPois   .            (no helmet)
rElec   .            (no cloak)
rCorr   .            (no gloves)
SInv    .            (no boots)
Will    .....        (no amulet)
Stlth   +++          (no ring)
HPRegen 0.24/turn    (no ring)
MPRegen 0.10/turn

%: no passive effects
@: no status effects
A: no striking features
a: no special abilities


You were on level 5 of the Dungeon.
You visited 1 branch of the dungeon, and saw 2 of its levels.

You collected 9 gold pieces.

Inventory:

Hand Weapons
 a - a +0 short sword
 h - a +2 dire flail of holy wrath (weapon)
Armour
 b - a +0 leather armour (worn)
Wands
 g - a wand of digging (3)
Scrolls
 c - a scroll of fog
 d - a scroll of revelation
 i - a scroll of teleportation {unknown}
Potions
 f - a potion of haste


   Skills:
 - Level 3.0 Fighting
 - Level 2.0 Short Blades
 + Level 2.6 Maces & Flails
 - Level 2.4 Dodging
 - Level 6.0 Stealth


You had 3 spell levels left.
You didn't know any spells.
Your spell library was empty.

Dungeon Overview and Level Annotations

Branches:
Dungeon (6/15)
 Temple: D:4-7

Altars:


Message History

The white imp gestures at you. The puff of frost hits you!
* * * LOW HITPOINT WARNING * * *
You closely miss the white imp. The white imp gestures at you.
The puff of frost hits you!
* * * LOW HITPOINT WARNING * * *
You are too injured to fight recklessly!
You sock the white imp!
You kill the white imp! 2 orcs come into view.
The orc moves out of view.
An orc wizard comes into view. It is wielding a +0 dagger.
There is a stone staircase leading up here.
You climb upwards.
An ogre comes into view. It is wielding a +0 giant spiked club.
There is a stone staircase leading down here.
The gnoll attacks as it pursues you! The gnoll misses you.
You puncture the gnoll!
The gnoll is severely wounded.
The gnoll shouts!
The gnoll hits you with a +0 club.
* * * LOW HITPOINT WARNING * * *
The gnoll shouts!
You hear a shout!
You barely miss the gnoll.
The gnoll is severely wounded.
The gnoll closely misses you. The gnoll attacks as it pursues you!
The gnoll hits you with a +0 club.
* * * LOW HITPOINT WARNING * * *
The gnoll attacks as it pursues you! The gnoll barely misses you.
As you read the scroll of fear, it crumbles to dust.
You assume a fearsome visage.
The gnoll looks frightened! x4
A scorpion comes into view.
Found a scroll labelled EKES INIUHOU.
You barely miss the scorpion. The scorpion stings you.
* * * LOW HITPOINT WARNING * * *
You barely miss the scorpion. The scorpion barely misses you.
You completely miss the scorpion. The scorpion barely misses you.
The scorpion stings you.
You die...

....####......# #....##
#.# ...## #.....##
##.....## ... ..##
#.....# #.......# ##...
### #.....# #.......#
#.... ......# #.......#
##.... ......#
#.......###.....
.?.######...............
...................g....
......s@........##.g....
......###......####..>..
#..## #......# #..... #
#.....## #..g.. #.....#
##.... ##....# #....
###### #.... ..... ..##.


You could see a scorpion.

Vanquished Creatures
  A scorpion (D:5)
  A hound (D:5)
  A white imp (D:6)
3 creatures vanquished.

Notes
Turn   | Place    | Note
-------+----------+-------------------------------------------
     0 | D:5      | GordonOverkill the Deep Elf Delver began the quest for the
                  | Orb.
     0 | D:5      | Reached XP level 1. HP: 13/13 MP: 3/3
    11 | D:5      | Noticed a hound
    17 | D:5      | Noticed a scorpion
    21 | D:5      | Killed a hound
    22 | D:5      | Reached skill level 1 in Maces & Flails
    22 | D:5      | Reached XP level 2. HP: 14/19 MP: 4/4
    22 | D:5      | Reached XP level 3. HP: 17/23 MP: 5/5
    23 | D:5      | Killed a scorpion
    24 | D:5      | Reached XP level 4. HP: 16/28 MP: 6/6
   111 | D:5      | Noticed an ogre
   126 | D:5      | Noticed a scorpion
   131 | D:5      | Slain by a scorpion

Illustrated notes

Levels and vault maps discovered:
D:5:      layout_cave_pods
D:6:      layout_loops_ring, grunt_temple_overflow_gold_and_silver,
          chequers_temple_overflow_statue_of_worship, grunt_potential

Skill      XL: |  1  2  3 |
---------------+----------+-----
Fighting       | 3 |  3.0
Maces & Flails | 1 2 |  2.6
Short Blades   | |  2.0
Dodging        | |  2.4
Stealth        | |  6.0

Action                     |  1- 3 |  4- 6 || total
---------------------------+-------+-------++-------
  Melee: Dire flail        |     8 |     8 ||    16
    Use: Scroll            |       |     1 ||     1
 Armour: Leather armour    |     7 |     7 ||    14
  Dodge: Dodged            |     5 |     5 ||    10

Table legend: (Time is in decaauts)
 A = Elapsed time spent in this place.
 B = Non-inter-level travel time spent in this place.
 C = Inter-level travel time spent in this place.
 D = Time resting spent in this place.
 E = Time spent auto-exploring this place.
 F = Levels seen in this place.
 G = Mean time per level.
                   A        B        C        D        E       F      G
               +--------+--------+--------+--------+--------+-----+--------+
         Total |    133 |    133 |      0 |     49 |      0 |   2 |   66.5 |
       Dungeon |    133 |    133 |      0 |     49 |      0 |   2 |   66.5 |
               +--------+--------+--------+--------+--------+-----+--------+

Top non-repeatable levels by time:
     D:5: 106 daAuts
     D:6: 27 daAuts
